elenmirie, neutral female gnomish Tourist --- ---- ------------.-- ---..--..--.|.--.|...| ---- --................*..-- |..-- |>........---........| --..*-- --.| ..- --.......| --....... --......--- --....|.| -.----...| --....---- |-..| |.....| --..----..)..- |..-- |..@.)..- .--..-- --.a....Y -......|---o.... |..%..--|...... -.....---.--.- .........| - ......--- ...--- ..| elenmirie the Sightseer Experience level: 5 Strength: 6 Dexterity: 11 Constitution: 17 Intelligence: 11 Wisdom: 8 Charisma: 18 Health: 0(41) Energy: 24(24) Def: 3 Gold: 0 Moves: 2672 Dungeon seed: ePI_LX2eAxr8deVP Game ID: elenmirie_1466930205 Your Inventory: Weapons a - 40 uncursed +2 darts (in quiver) o - an uncursed +2 aklys y - an uncursed +0 trident (weapon in hand) T - an uncursed +0 elven dagger Armor l - an uncursed +0 Hawaiian shirt (being worn) q - an uncursed +0 studded leather armor (being worn) Comestibles b - 5 uncursed food rations c - 2 uncursed tripe rations d - an uncursed egg g - 5 uncursed sprigs of wolfsbane h - an uncursed fortune cookie Scrolls Q - an uncursed scroll of blank paper Wands m - an uncursed wand of secret door detection (0:15) L - an uncursed wand of cancellation (0:7) Tools e - an uncursed credit card k - an uncursed expensive camera (0:37) n - an uncursed tin opener (alternate weapon; not wielded) p - an uncursed magic whistle C - an uncursed magic marker (0:91) U - an uncursed oil lamp (lit) (0:1335) Spells and supernatural/magical abilities: Name Level Category Fail Memory W - pray for help -- divine ? -- Your skills at the end: Miscellaneous Skills wands [Basic] Weapon Skills club [Basic] dart [Basic] Spellcasting Skills Final Attributes: You were devoutly aligned. You had infravision. You are dead. Vanquished creatures: a giant mimic a giant spider a snake a kobold mummy a paper golem 2 giant ants a floating eye a giant bat an orc zombie 2 hobbits 3 geckos a hobgoblin a giant rat 2 cave spiders a yellow mold 2 green molds 3 garter snakes a gnome zombie 6 jackals 2 foxes a kobold 3 newts a goblin 2 sewer rats 2 grid bugs a bat 4 lichens 48 creatures vanquished. Voluntary challenges: You did not adorn yourself with jewelry or accessories. You had been an atheist until turn 1994. You used a wielded weapon 34 times, starting on turn 208. You did not apply a unicorn horn. You read items or engraved 11 times, starting on turn 353. You never genocided any monsters. You never polymorphed an object. You never changed form. You used no wishes. You never split a pudding. You wrote Elbereth's name 10 times, starting on turn 2122. You never violated your personal moral code. Dungeon overview: The Dungeons of Doom: levels 1 to 5 Level 1 a long staircase Level 2 a general store, a fountain Level 3 a general store Level 4 a fountain, a sink stairs to The Gnomish Mines Level 5 The Gnomish Mines: levels 5 to 8 Level 5 stairs to The Dungeons of Doom Level 7 <- You were here Level 8 many shops, a temple to The Lady, a magic chest, some fountains History has recorded: On T:1 you entered the Dungeons of Doom to retrieve the Amulet of Yendor! On T:286 you advanced to experience level 2. On T:371 you reached level 2 of The Dungeons of Doom. On T:703 you reached level 3 of The Dungeons of Doom. On T:1022 you reached level 4 of The Dungeons of Doom. On T:1101 you reached level 5 of The Dungeons of Doom. On T:1377 you advanced to experience level 3. On T:1654 you reached level 1 of The Gnomish Mines. On T:1664 you advanced to experience level 4. On T:1767 you reached level 4 of The Gnomish Mines. On T:1972 you entered the Minetown temple On T:2013 you opened a magic chest. On T:2136 you advanced to experience level 5. On T:2425 you reached level 3 of The Gnomish Mines. Score breakdown: Gold: 0 ( 0 points) Experience: 5 levels ( 400 points) Exploration: 8 levels ( 210 points) Discoveries: 6 items ( 300 points) Variety of kills: 27 monsters ( 1350 points) Major goal: reached Minetown ( 500 points) Survival: died (score multiplied by 3) Total score: 8280 Latest messages: Pick an object. A monkey [seen: normal vision, infravision] on the floor of a room. The dart hits the monkey! The giant ant bites! The dart hits the monkey. The monkey claws you! The monkey stole 635 gold pieces. The monkey tries to run away with your gold pieces. The giant ant bites! The dart hits the giant ant. The giant ant bites! (2x) The dart hits the giant ant. The giant ant bites! The dart hits the giant ant! The giant ant bites! (2x) You die... Final status: Aloha elenmirie the Tourist, killed by a giant ant... You died in The Gnomish Mines on dungeon level 7 with 8280 points, and 0 pieces of gold, after 2672 moves. You were level 5 with a maximum of 41 hit points when you died.